 Dungeon Crawl Stone Soup version 0.19-a0-1223-gf83d13a (webtiles) character file.

7753 Ferkelamun the Geomancer (level 11, -8/63 HPs)
             Began as a Gargoyle Earth Elementalist on Aug 24, 2016.
             Was a Priest of Vehumet.
             Mangled by an orc warrior
             ... wielding a +0 trident
              (15 damage)
             ... on level 10 of the Dungeon.
             The game lasted 00:37:32 (10558 turns).

Ferkelamun the Geomancer (GrEE)                    Turns: 10558, Time: 00:37:33

Health: -8/63      AC: 14    Str: 12    XL:     11   Next: 20%
Magic:  23/23      EV: 12    Int: 22    God:    Vehumet [***...]
Gold:   661        SH: 10    Dex: 20    Spells: 5 memorised, 11 levels left

rFire  . . .     SeeInvis .     G - +8 war axe "Eniehuh" {vamp, Dex+10}
rCold  . . .     Gourm    .     L - +2 robe {MR+}
rNeg   + . .     Faith    .     m - +0 buckler
rPois  ∞         Spirit   .     (no helmet)
rElec  +         Dismiss  .     J - +1 cloak
rCorr  +         Reflect  +     h - +0 pair of gloves
MR     +....     Harm     .     (no boots)
Stlth  ++........               u - +4 amulet of reflection
                                y - ring of resist corrosion
                                p - +3 ring of intelligence

@: no status effects
A: negative energy resistance 1, electricity resistance, wild magic 1,
unbreathing, petrification resistance, rot immunity, AC +7
a: Renounce Religion


You were on level 10 of the Dungeon.
You worshipped Vehumet.
Vehumet was most pleased with you.
You were not hungry.

You visited 2 branches of the dungeon, and saw 11 of its levels.

You collected 661 gold pieces.

Inventory:

Hand Weapons
 r - a +3 mace of crushing
 G - the +8 war axe "Eniehuh" (weapon) {vamp, Dex+10}
   (You found it on level 4 of the Dungeon)

   It inflicts no extra harm, but heals its wielder somewhat when it strikes a
   living foe.
   It affects your dexterity (+10).
 K - a cursed +3 flail of freezing
 S - a +0 whip of electrocution
Missiles
 b - 210 stones
Armour
 h - a +0 pair of gloves (worn)
 m - a +0 buckler (worn)
 w - a +0 leather armour of cold resistance
 J - a +1 cloak (worn)
 L - a +2 robe of magic resistance (worn)
Rods
 Q - a +0 rod of ignition (10/10)
   (You found it on level 9 of the Dungeon)
Jewellery
 p - a +3 ring of intelligence (left hand)
 u - a +4 amulet of reflection (around neck)
 x - an uncursed ring of flight
 y - a ring of resist corrosion (right hand)
Wands
 A - a wand of paralysis (11/24)
 E - a wand of iceblast (5/15)
 F - a wand of iceblast (8/15)
 U - a wand of flame (35/48)
 W - a wand of acid (10/15)
Scrolls
 f - 3 scrolls of immolation
 n - 2 scrolls of teleportation
 s - 2 scrolls of magic mapping
 t - 3 scrolls of remove curse
 z - a scroll of enchant armour
 B - 2 scrolls of fear
 N - a scroll of recharging {unknown}
 T - a scroll of identify
 V - a scroll of holy word {unknown}
Potions
 a - a potion of haste
 c - a potion of magic
 g - 4 potions of curing
 i - a potion of brilliance {unknown}
 k - a potion of flight
 o - 2 potions of might
 q - 3 potions of degeneration
 D - a potion of lignification {unknown}
 H - a potion of agility {unknown}
 I - 2 potions of invisibility {unknown}
 O - a potion of resistance {unknown}
Books
 e - a book of Geomancy

   Spells                             Type                      Level
   a - Sandblast                      Earth                        1
   b - Passwall                       Transmutation/Earth          2
   c - Stone Arrow                    Conjuration/Earth            3
   d - Petrify                        Transmutation/Earth          4
   e - Lee's Rapid Deconstruction     Earth                        5
 j - a book of Minor Magic

   Spells                             Type                      Level
   a - Magic Dart                     Conjuration                  1
   b - Blink                          Translocation                2
   c - Call Imp                       Summoning                    2
   d - Repel Missiles                 Charms/Air                   2
   e - Slow                           Hexes                        2
   f - Conjure Flame                  Conjuration/Fire             3
   g - Mephitic Cloud                 Conjuration/Poison/Air       3
 C - a book of the Sky

   Spells                             Type                      Level
   a - Summon Lightning Spire         Summoning/Air                4
   b - Airstrike                      Air                          4
   c - Silence                        Hexes/Air                    5
   d - Deflect Missiles               Charms/Air                   6
   e - Conjure Ball Lightning         Conjuration/Air              6
   f - Tornado                        Air                          9
 M - a book of Enchantments

   Spells                             Type                      Level
   a - Cause Fear                     Hexes                        4
   b - Yara's Violent Unravelling     Hexes/Transmutation          5
   c - Silence                        Hexes/Air                    5
   d - Deflect Missiles               Charms/Air                   6
   e - Haste                          Charms                       6
   f - Discord                        Hexes                        8
Comestibles
 d - 6 bread rations
 l - 3 meat rations
 v - 14 fruits
 P - 2 beef jerkies


   Skills:
 - Level 5.0 Fighting
 + Level 0.3 Axes
 - Level 1.5 Dodging
 - Level 2.1 Stealth
 - Level 5.3 Shields
 - Level 8.0 Spellcasting
 - Level 7.3 Conjurations
 - Level 2.3 Transmutations
 - Level 12.9 Earth Magic


You had 11 spell levels left.
You knew the following spells:

 Your Spells              Type           Power        Failure   Level  Hunger
a - Sandblast             Erth           ######       1%          1    None
b - Passwall              Tmut/Erth      ######....   1%          2    None
c - Stone Arrow           Conj/Erth      ######       1%          3    None
d - Lee's Rapid Deconstr  Erth           ######....   1%          5    #####..
e - Petrify               Tmut/Erth      ######..     6%          4    ###....


Dungeon Overview and Level Annotations

Branches:
Dungeon (10/15)            Temple (1/1) D:5            Lair (0/6) D:9
    Orc: D:9-12

Altars:
Ashenzari
Dithmenos
Elyvilon
Fedhas
Gozag
Hepliaklqana
Kikubaaqudgha
Makhleb
Nemelex Xobeh
Okawaru
Qazlal
Ru
Sif Muna
Trog
Uskayaw
Vehumet
Xom
Yredelemnul
Zin
The Shining One


Innate Abilities, Weirdness & Mutations

You are resistant to torment.
Your stone body is resilient. (AC +7)
You are immune to poison.
You resist negative energy. (rN+)
You are resistant to electric shocks. (rElec)
You can survive without breathing.
You are immune to petrification.
You are immune to rotting.
Your spells are a little harder to cast, but a little more powerful.


Message History

The orc warrior hits you with a trident!
The orc hits you but does no damage. The orc closely misses you.
You completely miss the orc warrior.
The orc warrior is moderately wounded.
You hit the orc but do no damage.
The orc warrior hits you with a trident!
You block the orc's attack. x2
You completely miss the orc warrior.
The orc warrior is moderately wounded.
You completely miss the orc.
The orc warrior hits you with a trident.
* * * LOW HITPOINT WARNING * * *
The orc misses you. x2; You block the orc warrior's attack.
You block the orc's attack.
The orc warrior hits you from afar with a trident!
* * * LOW HITPOINT WARNING * * *
You feel better. You block the orc's attack.
The orc hits you but does no damage.
The orc warrior hits you from afar with a trident!
You die...

#......#..##.###
#......#...†..<#
#......#...#.### #
#......#.#.......
###.
#......#.#.#.###.
#....######.###.#...#
#.....)o#.(.# #.##..#
#o#.### #.....# #@#.#
####.>. #o#.# #...
#...# #####


You could see an orc warrior and 2 orcs.

Vanquished Creatures
  2 skeletal warriors (D:9)
  Pikel (D:5)
  An ugly thing (D:8)
  An elephant (D:9)
  A troll (D:9)
  Grinder (D:3)
  A spriggan (D:10)
  A wraith (D:7)
  3 hippogriffs
  3 hungry ghosts
  Menkaure (D:4)
  4 sky beasts
  3 phantoms
  An ice beast (D:8)
  An eye of draining (D:7)
  2 centaurs
  4 slaves (D:5)
  2 ogres
  A crocodile (D:9)
  Blork the orc (D:6)
  6 giant frogs
  A big kobold (D:8)
  3 scorpions
  4 wights (D:8)
  6 killer bees (D:7)
  3 electric eels (D:6)
  4 howler monkeys
  2 crimson imps
  4 giant frog zombies
  A jelly (D:6)
  7 hounds
  A giant frog skeleton (D:7)
  A gnoll shaman (D:9)
  An orc priest (D:7)
  Crazy Yiuf (D:6)
  3 orc wizards
  Jessica (D:4)
  4 iguanas
  Natasha (D:2)
  2 worker ants
  A killer bee zombie (D:7)
  A sheep (D:9)
  A hound skeleton (D:8)
  A worker ant zombie (D:9)
  10 adders
  8 gnolls
  4 shadow imps
  An ooze (D:5)
  4 adder zombies
  3 worms
  2 dart slugs
  5 giant geckos
  19 orcs
  3 bats
  3 giant cockroaches
  3 goblins
  5 hobgoblins
  2 jackals (D:8)
  12 kobolds
  2 quokkas (D:8)
  2 ball pythons
  6 giant newts
  A jackal skeleton (D:7)
  4 rats
194 creatures vanquished.

Vanquished Creatures (others)
  A giant frog (D:6)
1 creature vanquished.

Grand Total: 195 creatures vanquished

Notes
Turn   | Place    | Note
-------+----------+-------------------------------------------
     0 | D:1      | Ferkelamun the Gargoyle Earth Elementalist began the quest for the Orb.
     0 | D:1      | Reached XP level 1. HP: 10/10 MP: 3/3
   254 | D:1      | Reached skill level 4 in Earth Magic
   283 | D:1      | Reached XP level 2. HP: 6/15 MP: 0/5
   790 | D:1      | Learned a level 2 spell: Passwall
  1057 | D:2      | Reached XP level 3. HP: 18/19 MP: 3/6
  1216 | D:2      | Reached skill level 5 in Earth Magic
  1297 | D:2      | Learned a level 3 spell: Stone Arrow
  1356 | D:2      | Found a faded altar of an unknown god.
  1500 | D:2      | Noticed Natasha
  1503 | D:2      | Killed Natasha
  1503 | D:2      | Reached XP level 4. HP: 19/24 MP: 5/8
  1706 | D:3      | Found a hide-covered altar of Uskayaw.
  1854 | D:3      | Reached skill level 1 in Conjurations
  1993 | D:3      | Noticed Grinder
  2003 | D:3      | Paralysed by Grinder for 5 turns
  2014 | D:3      | Paralysed by Grinder for 3 turns
  2017 | D:3      | Killed Grinder
  2017 | D:3      | Reached skill level 6 in Earth Magic
  2017 | D:3      | Reached XP level 5. HP: 24/28 MP: 4/10
  2017 | D:3      | Reached XP level 6. HP: 28/32 MP: 4/11
  2091 | D:3      | Found a white marble altar of Elyvilon.
  2239 | D:3      | Learned a level 5 spell: Lee's Rapid Deconstruction
  2359 | D:4      | Noticed Menkaure
  2378 | D:4      | Killed Menkaure
  2378 | D:4      | Reached skill level 7 in Earth Magic
  2548 | D:4      | Found a sparkling altar of Nemelex Xobeh.
  2548 | D:4      | Noticed Jessica
  2555 | D:4      | Killed Jessica
  2555 | D:4      | Reached XP level 7. HP: 22/36 MP: 12/12
  2760 | D:4      | Got an encrusted war axe
  3281 | D:5      | Entered Level 5 of the Dungeon
  3513 | D:5      | Noticed Pikel
  4139 | D:5      | Learned a level 4 spell: Petrify
  4268 | D:5      | Killed Pikel
  4268 | D:5      | Reached skill level 5 in Spellcasting
  4268 | D:5      | Reached skill level 9 in Earth Magic
  4268 | D:5      | Reached XP level 8. HP: 16/41 MP: 0/16
  4562 | D:5      | Found a staircase to the Ecumenical Temple.
  4566 | Temple   | Entered the Ecumenical Temple
  4671 | Temple   | Became a worshipper of Vehumet
  4950 | D:6      | Reached skill level 10 in Earth Magic
  5278 | D:6      | Found a runed door.
  5516 | D:6      | Reached XP level 9. HP: 45/45 MP: 13/17
  5674 | D:6      | Found a shattered altar of Ashenzari.
  5700 | D:6      | Reached skill level 1 in Shields
  5786 | D:6      | Noticed Blork the orc
  5958 | D:6      | Killed Blork the orc
  6012 | D:6      | Found a burning altar of Makhleb.
  6268 | D:6      | Noticed Crazy Yiuf
  6270 | D:6      | Killed Crazy Yiuf
  6359 | D:7      | Gained mutation: Your spells are a little harder to cast, but a little more powerful. [potion of beneficial mutation]
  6597 | D:7      | Reached skill level 5 in Shields
  6996 | D:7      | Reached * piety under Vehumet
  6996 | D:7      | Offered knowledge of Freeze by Vehumet.
  6996 | D:7      | Reached skill level 5 in Conjurations
  7326 | D:7      | Found a deep blue altar of Sif Muna.
  7357 | D:7      | Reached skill level 1 in Transmutations
  7555 | D:7      | Reached skill level 1 in Fighting
  7555 | D:7      | Reached XP level 10. HP: 45/52 MP: 18/18
  8015 | D:8      | Offered knowledge of Throw Flame by Vehumet.
  8024 | D:8      | Reached ** piety under Vehumet
  8141 | D:8      | Reached skill level 5 in Fighting
  8195 | D:8      | Found a stormy altar of Qazlal.
  8580 | D:9      | Identified a +0 rod of ignition (10/10) (You found it on level 9 of the Dungeon)
  8610 | D:9      | Noticed a skeletal warrior
  8610 | D:9      | Noticed a skeletal warrior
  8613 | D:9      | Noticed a skeletal warrior
  8614 | D:9      | Noticed a skeletal warrior
  8614 | D:9      | Noticed a skeletal warrior
  8617 | D:9      | Noticed a cyan ugly thing
  8618 | D:9      | Killed a skeletal warrior
  8618 | D:9      | Killed a skeletal warrior
  9072 | D:9      | Found a staircase to the Lair.
  9072 | D:9      | Noticed an elephant
  9422 | D:9      | Reached skill level 11 in Earth Magic
  9708 | D:8      | Killed a cyan ugly thing
  9841 | D:7      | Reached XP level 11. HP: 31/63 MP: 6/23
  9843 | D:7      | Reached skill level 12 in Earth Magic
 10086 | D:9      | Offered knowledge of Throw Frost by Vehumet.
 10436 | D:9      | Found a glowing golden altar of the Shining One.
 10436 | D:9      | Found an iron altar of Okawaru.
 10437 | D:9      | Found a blossoming altar of Fedhas.
 10449 | D:9      | Identified the +8 war axe "Eniehuh" {vamp, Dex+10} (You found it on level 4 of the Dungeon)
 10467 | D:10     | Entered Level 10 of the Dungeon
 10516 | D:10     | Reached *** piety under Vehumet
 10557 | D:10     | HP: 2/63 [orc warrior/trident (14)]
 10558 | D:10     | Mangled by an orc warrior

Vault maps used:
D:1:      lemuel_arrival_river_ford, nrook_mini_vaults
D:2:      ecumenical_altar_1, kennysheep_minor_cross, uniq_natasha
D:3:      eat_drink_and_be_merry_uskayaw, elyvilon_altar_5, uniq_grinder
D:4:      roderic_lattice_a, nemelex_lonely_heart_becter, uniq_menkaure
D:5:      first_bread, uniq_pikel
D:6:      kennysheep_mini_moat, basic_altar, serial_bayou,
          serial_bayou_lagoon_a, serial_bayou_pond_c, serial_bayou_shore_b,
          serial_bayou_lake_a, uniq_blork_the_orc, uniq_crazy_yiuf_cottage
D:7:      led_sif_pool
D:8:      nicolae_overflow_crystal_walls, minmay_misc_feat_x
D:9:      slow_altar_2, gammafunk_temple_overflow_claw, david_lair_generic
D:10:     the_bakery, uniq_erica
Temple:   nicolae_temple_hex_pool

Skill      XL: |  1  2  3  4  5  6  7  8  9 10 11 |
---------------+----------------------------------+-----
Earth Magic    | 4 5 6 7 9 10 11 12 | 12.9
Conjurations   | 2 3 4 7 |  7.3
Spellcasting   | 3 5 8 |  8.0
Shields        | 5 |  5.3
Transmutations | 2 |  2.3
Fighting       | 1 5 |  5.0
Axes           | |  0.3
Dodging        | |  1.5
Stealth        | |  2.1

Action                   |  1- 3 |  4- 6 |  7- 9 | 10-12 || total
-------------------------+-------+-------+-------+-------++-------
Melee: Whip              |    43 |       |       |       ||    43
       Club              |     8 |       |       |       ||     8
       Unarmed           |     8 |       |       |       ||     8
       Mace              |    17 |    35 |   269 |   186 ||   507
       War axe           |       |       |       |    47 ||    47
 Cast: Sandblast         |    24 |    24 |     7 |       ||    55
       Stone Arrow       |       |     3 |    51 |    40 ||    94
       Lee's Rapid Decon |       |       |    11 |    24 ||    35
       Petrify           |       |       |     5 |     1 ||     6
  Use: Scroll            |       |     3 |    15 |     1 ||    19
       Potion            |       |       |     1 |     1 ||     2
 Stab: Sleeping          |     4 |       |     2 |       ||     6
       Petrified         |       |       |     7 |     3 ||    10
  Eat: Chunk             |     2 |     4 |    14 |    18 ||    38
       Royal jelly       |       |       |     1 |       ||     1
       Meat ration       |       |       |     2 |     1 ||     3
       Pizza             |       |       |     2 |       ||     2
       Fruit             |       |       |       |     2 ||     2
Armor: Robe              |    34 |    13 |   115 |   129 ||   291
Dodge: Dodged            |    64 |    30 |   169 |   147 ||   410
Block: Other             |       |     1 |    22 |       ||    23
       Buckler           |       |       |    74 |   150 ||   224
